 Dungeon Crawl Stone Soup version 0.27.1-3-gb3d3a73c9e (webtiles) character file.

Game seed: 1446645249938642836

5183 Descartes the Covert (level 10, -3/57 HPs)
             Began as a Deep Elf Wanderer on Oct 9, 2021.
             Was an Initiate of Gozag.
             Killed by vampiric draining
             ... invoked by a vampire
              (13 damage)
             ... on level 9 of the Dungeon.
             The game lasted 00:22:09 (9025 turns).

Descartes the Covert (Deep Elf Wanderer)            Turns: 9025, Time: 00:22:10

Health: -3/57      AC: 11    Str:  5    XL:     10   Next: 34%
Magic:  13/16      EV: 19    Int: 19    God:    Gozag
Gold:   421        SH:  0    Dex: 15    Spells: 9/14 levels left

rFire    + + .     SeeInvis .   t - +4 dagger (freeze)
rCold    . . .     Faith    .   (no shield)
rNeg     . . .     Spirit   .   o - +3 leather armour
rPois    +         Reflect  .   g - +2 hat
rElec    .         Harm     .   R - +0 cloak
rCorr    .         Rampage  .   K - +0 pair of gloves
Will     ++...                  U - +0 pair of boots
Stlth    ++++......             D - amulet "Keolud" {+Blink rF++ Will+ Regen+ Str-5}
HPRegen  1.19/turn              v - +4 ring of evasion
MPRegen  0.15/turn              p - ring of poison resistance

@: mighty, gold aura
A: hooves 1, robust 1, MP-powered wands
a: Renounce Religion, Evoke Blink, Potion Petition, Call Merchant, Bribe Branch


You were on level 9 of the Dungeon.
You worshipped Gozag.
Gozag was aware of your devotion.
You visited 2 branches of the dungeon, and saw 11 of its levels.

You collected 525 gold pieces.
You paid 104 gold pieces to Gozag.

Inventory:

Hand Weapons
 r - a +0 shortbow
 t - a +4 dagger of freezing (weapon)
 H - a +5 dagger
Missiles
 a - 98 sling bullets
 f - 32 poisoned darts (quivered)
 n - 184 stones
 C - 153 arrows
 P - 10 curare-tipped darts
Armour
 g - a +2 hat (worn)
 o - a +3 leather armour (worn)
 I - a +0 kite shield
 K - a +0 pair of gloves (worn)
 R - a +0 cloak (worn)
 U - a +0 pair of boots (worn)
Jewellery
 c - a +6 ring of dexterity
 l - a ring of resist corrosion
 p - a ring of poison resistance (right hand)
 u - an amulet of guardian spirit
 v - a +4 ring of evasion (left hand)
 A - a ring of see invisible
 D - the amulet "Keolud" (around neck) {+Blink rF++ Will+ Regen+ Str-5}
   (You found it on level 5 of the Dungeon)

   [amulet of regeneration]

   Str:       It affects your strength (-5).
   rF:        It greatly protects you from fire.
   +Blink:    It lets you blink.
   Regen:     It increases your rate of health regeneration.
   Will:      It increases your willpower.
 E - a ring of ice
Wands
 F - a wand of polymorph (11)
 O - a wand of paralysis (7)
 Q - a wand of flame (19)
 T - a wand of iceblast (7)
Scrolls
 e - a scroll of magic mapping {unknown}
 h - 4 scrolls of noise {unknown}
 i - 4 scrolls of enchant weapon {unknown}
 k - 2 scrolls of summoning {unknown}
 q - a scroll of amnesia {unknown}
 x - a scroll of vulnerability {unknown}
 y - 2 scrolls of enchant armour {unknown}
 z - a scroll of immolation
 B - 4 scrolls of teleportation {unknown}
 G - 2 scrolls of fog {unknown}
 J - a scroll of acquirement {unknown}
 N - a scroll of fear {unknown}
Potions
 b - a potion of curing
 d - a potion of cancellation
 j - a potion of might
 m - a potion of mutation
 s - 2 potions of magic
 w - 3 potions of flight
 L - a potion of brilliance


   Skills:
 - Level 1.0 Fighting
 - Level 4.0 Short Blades
 - Level 10.0 Dodging
 - Level 10.0 Stealth
 + Level 1.8 Shields
 + Level 2.9 Spellcasting
 - Level 2.6 Hexes
 - Level 10.0 Air Magic
 + Level 0.0 Evocations


You had 9 spell levels left.
You knew the following spells:

 Your Spells              Type           Power      Damage    Failure   Level
a - Apportation           Tloc           4%         N/A       26%         1
b - Summon Lightning Spi  Summ/Air       21%        N/A       32%         4

Your spell library contained the following spells:

 Spells                   Type           Power      Damage    Failure   Level
 Corona                   Hex            14%        N/A       9%          1
 Ensorcelled Hibernation  Hex/Ice        14%        N/A       22%         2
 Animate Skeleton         Necr           4%         N/A       26%         1
 Summon Small Mammal      Summ           8%         N/A       26%         1
 Tukima's Dance           Hex            13%        N/A       26%         3
 Storm Form               Tmut/Air       10%        N/A       100%        7
 Maxwell's Capacitive Co  Air            20%        ∞         100%        8


Dungeon Overview and Level Annotations

Branches:
Dungeon (10/15)            Temple (1/1) D:7             Orc (0/2) D:10
   Lair: D:8-11

Altars:
Ashenzari
Cheibriados
Dithmenos
Elyvilon
Fedhas
Gozag
Hepliaklqana
Kikubaaqudgha
Makhleb
Nemelex Xobeh
Okawaru
Qazlal
Ru
Sif Muna
Trog
Uskayaw
Vehumet
Wu Jian
Xom
Yredelemnul
Zin
The Shining One

Shops:
D:9 (

Annotations:
D:8 2 transporters, makewrite's ghost, novice MiGl
D:9 1 runed translucent door, Hyperion's ghost, novice VSTm


Innate Abilities, Weirdness & Mutations

You have large cloven feet.
You are robust. (+10% HP)
You expend magic power (3 MP) to strengthen your wands.


Message History

You hit the orc. You freeze the orc.
The orc is almost dead.
The vampire gestures wildly while chanting.
The vampire flickers and vanishes!
Deactivating autopickup; reactivate with Ctrl-A.
The orc closely misses you.
You barely miss the orc.
The orc is almost dead.
The orc warrior hits you with a +0 long sword.
Unknown command.
You barely miss the orc.
The orc is almost dead.
The orc misses you. Something hits you. Something barely misses you.
Your lightning spire shoots out a bolt of lightning at the orc!
The bolt of electricity hits the orc.
The orc dies!
The bolt of electricity hits something!
The orc warrior hits you with a +0 long sword!
* * * LOW HITPOINT WARNING * * *
You feel very mighty all of a sudden. Something closely misses you.
Something bites you.
* * * LOW HITPOINT WARNING * * *
Something draws strength from your injuries!
The orc warrior hits you with a +0 long sword.
* * * LOW HITPOINT WARNING * * *
Your lightning spire shoots out a bolt of lightning at the orc warrior!
The bolt of electricity hits the orc warrior.
You hit something. Something hits you but does no damage.
Something bites you but does no damage. The orc warrior misses you.
You miss something. Something hits you.
* * * LOW HITPOINT WARNING * * *
Something bites you but does no damage. The orc warrior misses you.
You hit something. Something closely misses you.
Something bites you but does no damage.
You barely miss something. The orc warrior barely misses you.
Your lightning spire shoots out a bolt of lightning at the orc warrior!
The bolt of electricity hits the orc warrior!
You hit something. You freeze something. Something draws life force from you!
You die...
Your body crumbles into a pile of gold.

#..# #####).........# ## #..##
##...#[.........# ##.
#####..###.....#####..#..###..
#...............# ##.........
#...............# ####......
#..........<....#####.....))..
####..........8..........##.....#
......##..#......o.#####)...##...
.<.....##.#....$@..#...))#..#....
........#....<..{..#.###...#.....
......>.##..................<.)..
........##........####8..8##..>..
........##........####...._#.....
........##......#...###..###.....
.............##...#.#.....##.....
.......####..##...#####..######..
........# ##.##.#'#.#_...._# ##..


You could see an orc warrior (ally target) and a friendly lightning spire
(summoned).

Vanquished Creatures
  Maurice (D:8)
  Prince Ribbit (D:7)
  A shadow (D:9)
  6 yaks (D:9)
  A wyvern (D:4)
  2 steam dragons
  4 orc warriors
  A hornet zombie (D:8)
  An ice beast (D:5)
  A black bear (D:5)
  A sky beast (D:5)
  5 ogres
  A phantom (D:4)
  5 centaurs
  A kobold brigand (D:9)
  Blork the orc (D:6)
  3 scorpions
  A wyvern skeleton (D:6)
  A water moccasin skeleton (D:6)
  9 wights
  2 centaur zombies
  A bullfrog zombie (D:5)
  A bullfrog skeleton (D:7)
  6 orc priests
  3 hounds
  A jelly (D:4)
  Jessica (D:2)
  3 iguanas
  5 orc wizards
  A scorpion zombie (D:5)
  A killer bee zombie (D:8)
  4 howler monkey zombies
  5 adders
  2 shadow imps
  An adder skeleton (D:4)
  4 dart slugs
  29 orcs
  5 ball pythons
  3 endoplasms
  A giant cockroach (D:1)
  7 goblins
  6 hobgoblins
  6 jackals
  A quokka (D:3)
  5 bats
  3 frilled lizards
  11 kobolds
  7 rats
172 creatures vanquished.

Vanquished Creatures (collateral kills)
  An orc (D:9)
1 creature vanquished.

Vanquished Creatures (others)
  An orc wizard (D:8)
1 creature vanquished.

Grand Total: 174 creatures vanquished

Notes
Turn   | Place    | Note
-------+----------+-------------------------------------------
     0 | D:1      | Descartes the Deep Elf Wanderer began the quest for the
                  | Orb.
     0 | D:1      | Descartes set off with the following items: a +2 short
                  | sword, a potion of curing, a potion of lignification, a +0
                  | robe
     0 | D:1      | Reached XP level 1. HP: 12/12 MP: 5/5
   153 | D:1      | Reached skill level 1 in Dodging
   252 | D:1      | Reached XP level 2. HP: 16/16 MP: 6/6
   885 | D:2      | Reached XP level 3. HP: 20/20 MP: 7/7
  1241 | D:2      | Noticed Jessica
  1247 | D:2      | Killed Jessica
  1248 | D:2      | Reached skill level 1 in Air Magic
  1712 | D:3      | Reached XP level 4. HP: 25/25 MP: 8/8
  1887 | D:3      | Found a faded altar of an unknown god.
  2559 | D:4      | Noticed a wyvern
  2565 | D:4      | Killed a wyvern
  2566 | D:4      | Reached XP level 5. HP: 29/29 MP: 9/9
  2568 | D:4      | Noticed a phantom
  2587 | D:4      | Killed a phantom
  2588 | D:4      | Reached skill level 5 in Stealth
  2588 | D:4      | Reached XP level 6. HP: 14/34 MP: 10/10
  3046 | D:4      | Reached skill level 5 in Dodging
  3046 | D:4      | Reached XP level 7. HP: 38/38 MP: 11/11
  3660 | D:5      | Entered Level 5 of the Dungeon
  4529 | D:5      | Reached XP level 8. HP: 43/43 MP: 12/12
  4555 | D:5      | Identified the amulet "Keolud" {+Blink rF++ Will+ Regen+
                  | Str-5}
  4837 | D:5      | Reached skill level 5 in Air Magic
  4920 | D:5      | Gained mutation: You have large cloven feet. [potion of
                  | mutation]
  4920 | D:5      | Gained mutation: You expend magic power (3 MP) to
                  | strengthen your wands. [potion of mutation]
  4920 | D:5      | Gained mutation: You are robust. (+10% HP) [potion of
                  | mutation]
  5753 | D:6      | Noticed Blork the orc
  5756 | D:6      | Killed Blork the orc
  6069 | D:7      | Found a radiant altar of Vehumet.
  6203 | D:7      | Learned a level 1 spell: Apportation
  6315 | D:7      | Reached XP level 9. HP: 39/49 MP: 13/13
  6340 | D:7      | Noticed Prince Ribbit
  6381 | D:7      | Killed Prince Ribbit
  6419 | D:7      | Found a staircase to the Ecumenical Temple.
  6428 | Temple   | Entered the Ecumenical Temple
  7190 | D:8      | Noticed a manticore
  7196 | D:8      | Noticed makewrite's ghost (novice MiGl)
  7232 | D:8      | Found a transporter.
  7375 | D:8      | Found a transporter.
  7443 | D:8      | Reached skill level 10 in Stealth
  7723 | D:8      | Noticed Maurice
  7796 | D:8      | Killed Maurice
  7830 | D:9      | Reached skill level 10 in Dodging
  7867 | D:9      | HP: 1/51 [orc warrior (10)]
  8009 | D:9      | Learned a level 4 spell: Summon Lightning Spire
  8074 | D:9      | Reached XP level 10. HP: 57/57 MP: 14/14
  8092 | D:9      | Found Qesiadil's Weapon Emporium.
  8105 | D:9      | Found an opulent altar of Gozag.
  8114 | D:9      | Became a worshipper of Gozag Ym Sagoz the Greedy
  8117 | D:9      | Found a white marble altar of Elyvilon.
  8117 | D:9      | Found an ancient bone altar of Kikubaaqudgha.
  8118 | D:9      | Found a glowing golden altar of the Shining One.
  8119 | D:9      | Found a glowing silver altar of Zin.
  8122 | D:9      | Found a shadowy altar of Dithmenos.
  8409 | D:9      | Found a runed translucent door.
  8409 | D:9      | Noticed Hyperion's ghost (novice VSTm)
  8409 | D:9      | Noticed a six-headed hydra
  8511 | D:9      | Reached skill level 10 in Air Magic
  8872 | D:10     | Entered Level 10 of the Dungeon
  8955 | D:10     | Found a staircase to the Orcish Mines.
  9025 | D:9      | Killed from afar by a vampire

Illustrated notes

Levels and vault maps discovered:
D:1:      giann_horns, layout_loops_cross, hangedman_glass_teeth,
          minmay_misc_feat_columns
D:2:      layout_loops_ring, uniq_jessica
D:3:      layout_loops_ring, shapermc_ecumenical_altar_notcrosses,
          corner_web_ring, hangedman_decor_slide_cut, kennysheep_pointless_box,
          fountainhead
D:4:      layout_loops_corners
D:5:      layout_loops_cross
D:6:      layout_basic, uniq_blork_the_orc
D:7:      layout_loops_cross, nicolae_vehumet_altar_sigil,
          minmay_temple_entry_trees, uniq_prince_ribbit1
D:8:      layout_loops_ring, lair_entry_dummy, gammafunk_ghost_arena,
          eino_small_chamber_without_monster, minmay_orc_keep, uniq_maurice
D:9:      layout_rooms, minitemple, serial_shops, nicolae_shop_behind_doors,
          ebering_ghost_inner_flame
D:10:     layout_stronghold, orc_david_3
Temple:   regret_index_temple_waves

Skill      XL: |  1  2  3  4  5  6  7  8  9 10 |
---------------+-------------------------------+-----
Dodging        | 1 2 4 5 6 8 10 | 10.0
Stealth        | 2 3 4 5 7 9 10 | 10.0
Air Magic      | 1 2 3 4 6 8 10 | 10.0
Spellcasting   | 2 |  2.9
Fighting       | |  1.0
Short Blades   | |  4.0
Shields        | |  1.8
Hexes          | |  2.6

Action                   |  1- 3 |  4- 6 |  7- 9 | 10-12 || total
-------------------------+-------+-------+-------+-------++-------
Melee: Short sword       |    71 |       |       |       ||    71
       Dagger            |     5 |    92 |   666 |   283 ||  1046
       Kick              |       |       |   106 |     9 ||   115
 Cast: Summon Lightning  |       |       |       |     1 ||     1
Evoke: Wand              |       |       |     5 |       ||     5
  Use: Scroll            |       |       |     7 |     1 ||     8
       Potion            |       |       |     6 |     4 ||    10
 Stab: Sleeping          |     6 |    12 |    19 |       ||    37
       Invisible         |       |       |       |     4 ||     4
       Distracted        |       |       |       |     1 ||     1
Armor: Robe              |    20 |    12 |    26 |       ||    58
       Leather armour    |       |       |   107 |    76 ||   183
       Skin              |       |       |    18 |       ||    18
Dodge: Dodged            |    44 |    60 |   525 |   242 ||   871
